[Event "Early-Titled-Tuesday-Blitz-July-09-2024"]
[Site "Chess.com"]
[Date "2024.07.09"]
[Round "6"]
[White "JunjiCol"]
[Black "chessbaerchen"]
[Result "0-1"]
[WhiteElo "2366"]
[BlackElo "2651"]
[TimeControl "180+1"]
[EndTime "9:08:06 PDT"]
[Termination "chessbaerchen won by checkmate"]

1. e4 e6 2. c4 d5 3. cxd5 exd5 4. Qa4+ Bd7 5. Qb3 Bc6 6. d4 Qd7 7. Nc3 Nf6 8. e5 Ne4 9. Nxe4 dxe4 10. Bc4 b5 11. e6 fxe6 12. Bxe6 Qxd4 13. Bf7+ Kd8 14. Bg5+ Kc8 15. Qh3+ Bd7 16. Qh4 Bb4+ 17. Kf1 Rf8 18. Qh5 g6 19. Qxh7 Bc5 20. Be3 Qd3+ 21. Ne2 Bxe3 22.
fxe3 Nc6 23. Kf2 Ne5 24. Rad1 Rxf7+ 25. Qxf7 Nxf7 26. Rxd3 exd3 27. Nf4 Bf5 28. h3 g5 29. Nd5 Kb7 30. h4 g4 31. h5 Rh8 32. Kg3 Nd6 33. Kf4 Be4 34. Nf6 Bxg2 35. Rd1 Rf8 36. Ke5 Nf7+ 37.
Ke6 Ng5+ 38. Ke7 Rf7+ 39. Ke8 Bc6+ 40. Kd8 Rxf6 41. Rxd3 Rf7 42. e4 Ne6# 0-1

[Event "Early-Titled-Tuesday-Blitz-July-09-2024"]
[Site "Chess.com"]
[Date "2024.07.09"]
[Round "6"]
[White "stepanosinovsky"]
[Black "SuperGPatzer"]
[Result "1-0"]
[WhiteElo "2348"]
[BlackElo "2137"]
[TimeControl "180+1"]
[EndTime "9:08:07 PDT"]
[Termination "stepanosinovsky won by resignation"]

1. e4 g5 2. g3 d5 3. d3 dxe4 4. dxe4 Qxd1+ 5. Kxd1 Bg7 6. c3 g4 7. h3 h5 8. hxg4 hxg4 9. Rxh8 Bxh8 10. Nd2 Nc6 11.
Kc2 Bd7 12. Ne2 O-O-O 13. Nf4 Ne5 14. a4 Bc6 15. Nd3 e6 16. b4 f5 17. b5 Bxe4 18. Nxe4 fxe4 19. Nc5 Nd3 20. Nxe6 Ne1+ 21. Kb3 Rd1 22. Be2 Rd6 23. Bf4 Rxe6 24. Bxg4 Nd3 25. Bxe6+ Kd8 26. Bxg8 Nc5+ 27. Kc4 Nd7 28. Rd1 Ke7 29.
Rxd7+ Kxd7 30. Bd5 c6 31. bxc6+ bxc6 32. Bxe4 Bf6 33.
Be3 a6 34. Bd4 Be7 35. f3 Bd6 36. f4 Be7 37. Bf5+ Kd6 38. Bc5+ Kc7 39. Bxe7 1-0

[Event "Early-Titled-Tuesday-Blitz-July-09-2024"]
[Site "Chess.com"]
[Date "2024.07.09"]
[Round "6"]
[White "Brown_Bear_MGL"]
[Black "Veleamater"]
[Result "1-0"]
[WhiteElo "2630"]
[BlackElo "2412"]
[TimeControl "180+1"]
[EndTime "9:08:09 PDT"]
[Termination "Brown_Bear_MGL won by resignation"]

1. b3 d6 2. Bb2 Nf6 3. e3 g6 4. Nf3 Bg7 5. d4 O-O 6. Be2 h6 7. O-O Nc6 8. c4 e5 9. dxe5 Ng4 10. Nc3 Ngxe5 11. Nxe5 dxe5 12. Qxd8 Nxd8 13. Nb5 Ne6 14. Rad1 a6 15. Nc3 c6 16. Na4 b5 17. Nb6 Rb8 18. Nd7 Bxd7 19. Rxd7 Rfd8 20. Rfd1 Rxd7 21. Rxd7 Rd8 22. Rxd8+ Nxd8 23. cxb5 cxb5 24. a4 bxa4 25. bxa4 a5 26. Bc3 Nb7 27. Ba6 Nc5 28. Bb5 e4 29. Bxa5 Bf8 30. Bb6 f5 31. a5 Kf7 32. a6 Nxa6 33.
Bxa6 Bd6 34. Bc4+ Kf6 35. Bd4+ Kg5 36. h3 h5 37. Kf1 h4 38. Ke2 f4 39. exf4+ Kxf4 40. Be6 g5 41. Bg4 Be7 42. Be3+ Ke5 43. Kd2 Bb4+ 44.
Kc2 Be7 45. Kb3 Bd8 46. Kc4 Be7 47. Kb5 Kd5 48. Bh5 Ke5 49. Kc6 Kf6 50. Kd5 Kf5 51. Bg4+ Kf6 52. Kxe4 Kg7 53. Kf5 1-0

[Event "Early-Titled-Tuesday-Blitz-July-09-2024"]
[Site "Chess.com"]
[Date "2024.07.09"]
[Round "6"]
[White "Losingexperience"]
[Black "kacperkarwowski"]
[Result "1-0"]
[WhiteElo "2730"]
[BlackElo "2546"]
[TimeControl "180+1"]
[EndTime "9:08:10 PDT"]
[Termination "Losingexperience won on time"]

1. e4 e5 2. Nf3 Nc6 3. Bc4 Nf6 4.
d3 Be7 5. O-O O-O 6. c3 h6 7. a4 d5 8. exd5 Nxd5 9. h3 Be6 10.
Re1 Bd6 11. a5 a6 12. Qb3 Nf4 13. Bxf4 Bxc4 14. Qxc4 exf4 15. d4 Qd7 16. Nbd2 Rae8 17. Ne4 Kh8 18. b4 f5 19. Nxd6 Qxd6 20. Re2 Rxe2 21.
Qxe2 Qe7 22. Re1 Re8 23. Qd3 Qxe1+ 24. Nxe1 Rxe1+ 25. Kh2 g6 26. b5 axb5 27. Qxb5 Nd8 28. Qd7 Ne6 29. Qc8+ Kg7 30. Qxb7 g5 31. a6 g4 32.
hxg4 fxg4 33. a7 h5 34. a8=Q h4 35. Qbc8 g3+ 36. fxg3 hxg3+ 37. Kh3 Kf6 38. Kg4 1-0

[Event "Early-Titled-Tuesday-Blitz-July-09-2024"]
[Site "Chess.com"]
[Date "2024.07.09"]
[Round "6"]
[White "Tol_Tol"]
[Black "2KTNGO"]
[Result "0-1"]
[WhiteElo "2367"]
[BlackElo "2597"]
[TimeControl "180+1"]
[EndTime "9:08:10 PDT"]
[Termination "2KTNGO won by resignation"]

1. d4 Nf6 2. c3 d6 3. Nd2 c5 4. e4 g6 5. e5 dxe5 6. dxe5 Ng4 7.
Bb5+ Nc6 8. Ngf3 Bg7 9. Qe2 O-O 10. Bxc6 bxc6 11. h3 Nh6 12. O-O Bf5 13. Ne4 Qd5 14.
Re1 Rad8 15. c4 Qxe4 16. Qxe4 Bxe4 17. Rxe4 Rd1+ 18. Re1 Rxe1+ 19. Nxe1 Nf5 20. Nd3 Rd8 21. Nxc5 Rd1+ 22. Kh2 Bxe5+ 23. g3 Bd4 24. Nb3 Bxf2 25. g4 Nd6 26. Kg2 Bh4 27. Be3 Nxc4 28. Bxa7 Rxa1 29.
Nxa1 Nxb2 30. Nc2 Na4 31. Nb4 c5 32. Nd5 c4 33. Kf3 f5 34. gxf5 gxf5 35. Kf4 Kf7 36.
Ne3 c3 37. Kxf5 Bf2 38. Ke4 c2 0-1

[Event "Early-Titled-Tuesday-Blitz-July-09-2024"]
[Site "Chess.com"]
[Date "2024.07.09"]
[Round "6"]
[White "profedechess93"]
[Black "MdChess1734"]
[Result "1-0"]
[WhiteElo "2621"]
[BlackElo "2428"]
[TimeControl "180+1"]
[EndTime "9:08:10 PDT"]
[Termination "profedechess93 won by resignation"]

1. e4 c6 2. d4 d5 3. Nc3 dxe4 4.
Nxe4 Nf6 5. Nxf6+ exf6 6. c3 Bd6 7. Bd3 O-O 8. Qc2 Re8+ 9. Ne2 h5 10. Be3 Nd7 11. O-O-O Nf8 12. h3 Be6 13. g4 h4 14. Rhg1 g6 15. Kb1 b5 16. d5 Bxd5 17. Nd4 a6 18. Bh6 c5 19. Nf5 gxf5 20. gxf5+ Kh7 21.
Qd2 Bf3 22. Bg7 Ng6 23. Qh6+ Kg8 24. fxg6 fxg6 25. Bxg6 Be4+ 26. Bxe4 Rxe4 27. Bxf6+ 1-0

[Event "Early-Titled-Tuesday-Blitz-July-09-2024"]
[Site "Chess.com"]
[Date "2024.07.09"]
[Round "6"]
[White "JAN2404"]
[Black "mouseslips_are_the_best"]
[Result "0-1"]
[WhiteElo "2066"]
[BlackElo "2319"]
[TimeControl "180+1"]
[EndTime "9:08:13 PDT"]
[Termination "mouseslips_are_the_best won on time"]

1. e4 e6 2. d4 d5 3. e5 c5 4. c3 Nc6 5. Nf3 Bd7 6. Bd3 cxd4 7. cxd4 Qb6 8. Bc2 Nb4 9. Nc3 Nxc2+ 10. Qxc2 Ne7 11.
Be3 Nf5 12. O-O Be7 13. Na4 Qc6 14. Nc5 Nxe3 15. fxe3 b6 16. Rac1 bxc5 17. dxc5 O-O 18. Nd4 Qc7 19. c6 Bc8 20. Nb5 Qxe5 21. Rf3 Ba6 22.
Nd4 Bg5 23. Qf2 Bd3 24. c7 Rac8 25. h4 Bf6 26. Nc6 Qxc7 27. Rxf6 gxf6 28. Qxf6 Rce8 29.
h5 Qg3 30. Ne5 Qxe3+ 31. Kh2 Qxc1 32. h6 Qxh6+ 33. Qxh6 Bg6 34. Ng4 f5 35. Ne5 Rf6 36.
Qg5 Kg7 37. Nd7 Rf7 38. Nc5 Rc7 39. Nd3 e5 40. Qg3 f4 41. Qe1 Bxd3 0-1

[Event "Early-Titled-Tuesday-Blitz-July-09-2024"]
[Site "Chess.com"]
[Date "2024.07.09"]
[Round "6"]
[White "michaelskie11"]
[Black "DucksParadise"]
[Result "1-0"]
[WhiteElo "2411"]
[BlackElo "2605"]
[TimeControl "180+1"]
[EndTime "9:08:14 PDT"]
[Termination "michaelskie11 won by resignation"]

1. d4 Nf6 2. Nc3 d5 3. Bf4 c5 4.
e3 Bg4 5. f3 Bd7 6. dxc5 e6 7.
b4 a5 8. Nb5 Bxb5 9. Bxb5+ Nc6 10. a3 Be7 11. Ne2 O-O 12. c3 Nh5 13. O-O Nxf4 14.
Nxf4 Bf6 15. Qb3 Qc7 16. Rfd1 b6 17. Nd3 Ra7 18. Rac1 Rfa8 19. Bxc6 Qxc6 20. b5 Qc7 21. c6 a4 22. Qb4 Be7 23. Qb2 Qd6 24. Nb4 Ra5 25.
c4 Qc5 26. cxd5 Qxe3+ 27. Kh1 Bxb4 28. axb4 a3 29. Qc2 R5a7 30. d6 a2 31. d7 Qxc1 32. Qxc1 g6 33. d8=Q+ Rxd8 34. Rxd8+ Kg7 35. Qb2+ f6 36.
Rd7+ 1-0

[Event "Early-Titled-Tuesday-Blitz-July-09-2024"]
[Site "Chess.com"]
[Date "2024.07.09"]
[Round "6"]
[White "GeorgiosSouleidis"]
[Black "YaWaleriy"]
[Result "1-0"]
[WhiteElo "2652"]
[BlackElo "2427"]
[TimeControl "180+1"]
[EndTime "9:08:14 PDT"]
[Termination "GeorgiosSouleidis won on time"]

1. e4 e6 2. d4 d5 3. Nc3 dxe4 4. Nxe4 Nd7 5. Nf3 Ngf6 6. Bg5 Be7 7. Nxf6+ Nxf6 8.
Bd3 c5 9. dxc5 Bxc5 10. Qe2 O-O 11. O-O-O Qc7 12. Bxf6 Qf4+ 13. Kb1 Qxf6 14. Qe4 g6 15. h4 Rd8 16. h5 Bf8 17. hxg6 hxg6 18. Ne5 Bg7 19.
f4 Bd7 20. c3 Bc6 21. Qe3 Bxg2 22. Rhg1 Bc6 23. Nxg6 fxg6 24. Rxg6 Rxd3 25. Qxd3 Qxf4 26. Rxg7+ Kxg7 27. Rg1+ Kf6 28. Rf1 1-0

[Event "Early-Titled-Tuesday-Blitz-July-09-2024"]
[Site "Chess.com"]
[Date "2024.07.09"]
[Round "6"]
[White "KVAIDAN"]
[Black "ploxoi"]
[Result "0-1"]
[WhiteElo "2318"]
[BlackElo "2475"]
[TimeControl "180+1"]
[EndTime "9:08:14 PDT"]
[Termination "ploxoi won by resignation"]

1. f4 d5 2. Nf3 Nf6 3. e3 c5 4.
Be2 Nc6 5. O-O Bg4 6. b3 e6 7.
Bb2 Bd6 8. d3 O-O 9. Ne5 Bxe2 10. Qxe2 Rc8 11. Nd2 Nd7 12. Nxc6 Rxc6 13. Rf3 e5 14.
Rh3 Re8 15. Qh5 Nf6 16. Qh4 h6 17. f5 Be7 18. Qg3 Nd7 19. e4 d4 20. a4 Bg5 21.
Nc4 b6 22. Rf1 a6 23. f6 Rxf6 24. Rxf6 Qxf6 25. Qf3 Qe6 26. Rg3 b5 27. Na3 Rb8 28. axb5 axb5 29. Rg4 Nf6 30. Rg3 Ne8 31. Rg4 Nf6 32.
Rg3 Bf4 33. Rh3 Ne8 34. g3 Be3+ 35. Kg2 Nd6 36. Rh5 c4 37. c3 cxd3 38. cxd4 exd4 39. Rd5 Nxe4 40. Rxb5 Rxb5 41. Nxb5 Qxb3 42. Qxe4 Qxb2+ 43. Kf3 Qxb5 44. Qg4 Qc6+ 45. Qe4 Qxe4+ 46. Kxe4 d2 0-1

[Event "Early-Titled-Tuesday-Blitz-July-09-2024"]
[Site "Chess.com"]
[Date "2024.07.09"]
[Round "6"]
[White "Slovineanu"]
[Black "Kombinator01"]
[Result "0-1"]
[WhiteElo "2547"]
[BlackElo "2439"]
[TimeControl "180+1"]
[EndTime "9:08:16 PDT"]
[Termination "Kombinator01 won by resignation"]

1. d4 d5 2. Nf3 Nf6 3. c4 c5 4.
cxd5 cxd4 5. Qxd4 Qxd5 6. Nc3 Qxd4 7. Nxd4 a6 8. e4 e5 9. Nb3 Nc6 10. Be3 Bb4 11. f3 Be6 12. Be2 Bxb3 13. axb3 Nd4 14. Bd1 Nb5 15. Rc1 Rc8 16. Bd2 O-O 17. Be2 Nd4 18. Bc4 b5 19. Bd5 Nxd5 20. exd5 Nxb3 21. Rd1 Rfd8 22. Ke2 Nd4+ 23. Kd3 Bxc3 24. bxc3 Nb3 25. Ke4 f6 26. Be1 Rc4+ 27. Ke3 Rc5 28. Ke4 Rc4+ 29. Ke3 f5 30. g3 f4+ 31. gxf4 exf4+ 32. Ke2 Rc5 33. d6 Rc6 34. d7 Rc7 35. Rd6 Rcxd7 36. Rxa6 Re8+ 37. Kf1 Rd1 38. Kf2 Nc5 0-1

[Event "Early-Titled-Tuesday-Blitz-July-09-2024"]
[Site "Chess.com"]
[Date "2024.07.09"]
[Round "6"]
[White "Queensandpawns"]
[Black "lindsay790"]
[Result "1-0"]
[WhiteElo "2317"]
[BlackElo "2117"]
[TimeControl "180+1"]
[EndTime "9:08:16 PDT"]
[Termination "Queensandpawns won on time"]

1. e4 c5 2. c4 d6 3. Nc3 g6 4. Nge2 Bg7 5. g3 Nf6 6. Bg2 O-O 7. O-O e5 8. d3 a6 9. h3 Ne8 10. f4 f5 11. a4 h6 12. exf5 gxf5 13.
fxe5 dxe5 14. Nd5 Nf6 15. Be3 Qd6 16. Qd2 Kh7 17. b4 Nxd5 18. Bxc5 Qd8 19. Bxf8 Nf6 20. Bxg7 Kxg7 21. Qc3 Qe7 22. Rae1 Nc6 23. b5 axb5 24.
axb5 Ra3 25. Qb2 Na5 26. Nf4 Qc5+ 27. Kh1 exf4 28. Re5 Rb3 29. Rxc5 Rxb2 30. Rxc8 Nh5 31. Rc7+ Kf6 32. Rxf4 Nxg3+ 33. Kh2 Ne2 34. Rh4 Kg5 35. Rh5+ 1-0

[Event "Early-Titled-Tuesday-Blitz-July-09-2024"]
[Site "Chess.com"]
[Date "2024.07.09"]
[Round "6"]
[White "Mikasinski"]
[Black "amylazy"]
[Result "0-1"]
[WhiteElo "2686"]
[BlackElo "2513"]
[TimeControl "180+1"]
[EndTime "9:08:17 PDT"]
[Termination "amylazy won on time"]

1. e4 c5 2. Nf3 e6 3. d4 cxd4 4. Nxd4 a6 5. Be2 Nf6 6. Nc3 Qc7 7. O-O Be7 8. f4 d6 9. Kh1 Nbd7 10. Bf3 O-O 11.
Re1 Rb8 12. a4 b6 13. e5 dxe5 14. Nc6 Bd6 15. Nxb8 Qxb8 16. fxe5 Bxe5 17. g3 Bb7 18. Kg2 Rd8 19. Qe2 h5 20. Bg5 Rc8 21. Rad1 Bxc3 22. bxc3 Rxc3 23. Rd3 Bxf3+ 24. Rxf3 Qb7 25. Rf1 Qc6 26.
Kh3 Rxc2 27. Qe1 Ng4 28. Bd2 Qd5 29. Rxf7 Rxd2 0-1

[Event "Early-Titled-Tuesday-Blitz-July-09-2024"]
[Site "Chess.com"]
[Date "2024.07.09"]
[Round "6"]
[White "IsuruAlahakoon"]
[Black "Timerkhanov"]
[Result "0-1"]
[WhiteElo "2436"]
[BlackElo "2665"]
[TimeControl "180+1"]
[EndTime "9:08:19 PDT"]
[Termination "Timerkhanov won on time"]

1. Nf3 d5 2. e3 Nf6 3. b3 c5 4. Bb2 Nc6 5. Bb5 Bd7 6. c4 e6 7. d3 a6 8. Bxc6 Bxc6 9. Ne5 Qc7 10. Nd2 Bd6 11. f4 dxc4 12. Nxc6 Qxc6 13. Nxc4 Qxg2 14. Nxd6+ Kd7 15. Rf1 Kxd6 16. Qc1 Rac8 17. Ba3 b6 18. Qc4 Nd5 19. Qe4 Qxe4 20. dxe4 Nxe3 21. Rf2 f5 22. Re2 Ng4 23. O-O-O+ Kc6 24. exf5 exf5 25.
Re6+ Kb5 26. Rdd6 Rb8 27. Bb2 a5 28. Bxg7 Rhe8 29. Bc3 Rxe6 30. Rxe6 Nxh2 31. a4+ Ka6 32. Rh6 Ng4 33. Rxh7 Re8 34. Rf7 Re3 35. Kd2 Rh3 36.
Rxf5 Rh2+ 37. Kd3 Rh3+ 38. Kc4 Ne3+ 0-1

[Event "Early-Titled-Tuesday-Blitz-July-09-2024"]
[Site "Chess.com"]
[Date "2024.07.09"]
[Round "6"]
[White "Ykow"]
[Black "rdarruda"]
[Result "1-0"]
[WhiteElo "2742"]
[BlackElo "2562"]
[TimeControl "180+1"]
[EndTime "9:08:20 PDT"]
[Termination "Ykow won by resignation"]

1. e4 c5 2. Nf3 Nc6 3. Bb5 g6 4. O-O Bg7 5. Re1 e5 6. Bxc6 bxc6 7. d3 d6 8. h3 Ne7 9. a3 O-O 10. Nbd2 h6 11. b4 cxb4 12. axb4 Be6 13. Nc4 Qc7 14. Bd2 f5 15. exf5 gxf5 16. Bc3 Nd5 17. Bb2 Nxb4 18. Ba3 c5 19. c3 Nc6 20. Nfd2 Rfe8 21. Qh5 d5 22.
Ne3 Ne7 23. c4 d4 24. Nd5 Nxd5 25. cxd5 Bxd5 26. Qxf5 Rf8 27. Qg4 Rac8 28. Qg3 Rfe8 29. Ne4 Bxe4 30. Rxe4 Qb7 31. Rg4 Kh7 32. Bc1 Rc6 33. Kh2 Re7 34. h4 Rf7 35. h5 Qb8 36.
Rg6 Qc7 37. Rxa7 Qxa7 38. Rxc6 Rf5 39. Qg6+ Kh8 40. Qxf5 1-0

[Event "Early-Titled-Tuesday-Blitz-July-09-2024"]
[Site "Chess.com"]
[Date "2024.07.09"]
[Round "6"]
[White "johnmez"]
[Black "EvilMorty23"]
[Result "0-1"]
[WhiteElo "2248"]
[BlackElo "2393"]
[TimeControl "180+1"]
[EndTime "9:08:20 PDT"]
[Termination "EvilMorty23 won by checkmate"]

1. b3 Nf6 2. Bb2 b5 3. e3 b4 4. Nf3 Bb7 5. a3 a5 6. Be2 e6 7. O-O Be7 8. d4 O-O 9. Nbd2 d6 10. Nc4 Nbd7 11. axb4 axb4 12. Rxa8 Qxa8 13. Qd2 Ne4 14.
Qxb4 Ng5 15. Ra1 Qc8 16. Nxg5 Bxg5 17. Ra7 Bd5 18. Qa5 Nb6 19. e4 Bxc4 20. bxc4 Be7 21. c5 dxc5 22. dxc5 Na8 23. h3 Qb8 24. Bd4 Qb1+ 25. Bf1 Qb8 26. Be5 Rc8 27. g3 f6 28.
Ba1 Kf7 29. Bc4 Qb1+ 30. Kg2 Qxc2 31. Qa2 Qxe4+ 32. Kh2 Bxc5 33. Ra6 Nb6 34. Bf1 Rd8 35. Bg2 Qe1 36. Qc2 Rd1 37. Qc3 Qg1# 0-1

[Event "Early-Titled-Tuesday-Blitz-July-09-2024"]
[Site "Chess.com"]
[Date "2024.07.09"]
[Round "6"]
[White "nindjaxx8"]
[Black "jbking07"]
[Result "1-0"]
[WhiteElo "2709"]
[BlackElo "2474"]
[TimeControl "180+1"]
[EndTime "9:08:22 PDT"]
[Termination "nindjaxx8 won by resignation"]

1. d4 d5 2. c4 e6 3. Nc3 Nf6 4. cxd5 exd5 5. Nf3 c6 6. Bf4 Bf5 7. e3 Be7 8. Bd3 Bxd3 9. Qxd3 O-O 10. O-O Nh5 11. Bg3 Nxg3 12. hxg3 Nd7 13. Rab1 a5 14. a3 Qc7 15. Rfc1 Rfc8 16. Nxd5 Qd8 17. Nxe7+ Qxe7 18. b4 axb4 19. axb4 Nf6 20. b5 Ra2 21. bxc6 bxc6 22.
Ne5 Qe6 23. Rc2 Rxc2 24. Qxc2 Nd5 25. Rc1 f6 26. Nxc6 Kh8 27. Qc4 Qd7 28. e4 Ne7 29. d5 Nxc6 30. dxc6 Qd6 31. Qd5 Qc7 32. Kh2 h6 33.
Qe6 Kh7 34. Rc5 Kh8 35. Rd5 Kh7 36. Rd6 Qb8 37. Rd7 Qb6 38. Rxg7+ Kxg7 39. Qxc8 1-0

[Event "Early-Titled-Tuesday-Blitz-July-09-2024"]
[Site "Chess.com"]
[Date "2024.07.09"]
[Round "6"]
[White "eightbyeightchess"]
[Black "BashirovKemal"]
[Result "0-1"]
[WhiteElo "2454"]
[BlackElo "2678"]
[TimeControl "180+1"]
[EndTime "9:08:23 PDT"]
[Termination "BashirovKemal won on time"]

1. e4 e5 2. Nf3 Nf6 3. d4 exd4 4. e5 Ne4 5. Nxd4 d5 6. Bd3 Bc5 7. c3 O-O 8. Nd2 f5 9. N2f3 Nd7 10. Ne6 Qe7 11.
Nxc5 Nexc5 12. Be2 c6 13. Bf4 Ne6 14. Qd2 Ndc5 15.
h4 Nxf4 16. Qxf4 Ne6 17. Qe3 f4 18. Qd2 Nc5 19. Qd4 Bg4 20. O-O-O Ne4 21. Ng1 Bxe2 22. Nxe2 f3 23. Ng3 fxg2 24. Rhg1 Nxf2 25. Rd2 Nh3 26. Rgxg2 Nf4 27. Rg1 Rf7 28. Kb1 Raf8 29. Rf2 Ne6 30. Rxf7 Rxf7 31. Qg4 Rf4 32. Nf5 Qc5 0-1

[Event "Early-Titled-Tuesday-Blitz-July-09-2024"]
[Site "Chess.com"]
[Date "2024.07.09"]
[Round "6"]
[White "manitodeplomo"]
[Black "banjadvorovi"]
[Result "1-0"]
[WhiteElo "2595"]
[BlackElo "2428"]
[TimeControl "180+1"]
[EndTime "9:08:24 PDT"]
[Termination "manitodeplomo won by resignation"]

1. d4 Nf6 2. c4 c5 3. d5 e6 4.
Nc3 exd5 5. cxd5 d6 6. e4 g6 7. Nf3 Bg7 8. h3 O-O 9. Bd3 b5 10. Nxb5 Nxe4 11. Bxe4 Re8 12. O-O Rxe4 13. Ng5 Rb4 14.
Qf3 Bf5 15. g4 Rxb5 16. gxf5 h6 17. Nxf7 Kxf7 18. fxg6+ Kg8 19. Qf7+ Kh8 20. Bxh6 Qg8 21. Bxg7+ Qxg7 22. Qe8+ Qg8 23. Qxb5 Qxg6+ 24. Kh2 Qf7 25.
f4 Nd7 26. Rae1 Rg8 27. Qd3 Nf6 28. Qf5 Rg6 29. Rg1 Rh6 30. Re6 Ng4+ 31. Qxg4 Rxe6 32. dxe6 1-0

[Event "Early-Titled-Tuesday-Blitz-July-09-2024"]
[Site "Chess.com"]
[Date "2024.07.09"]
[Round "6"]
[White "Iball95"]
[Black "jaskol95"]
[Result "0-1"]
[WhiteElo "2906"]
[BlackElo "2666"]
[TimeControl "180+1"]
[EndTime "9:08:25 PDT"]
[Termination "jaskol95 won by resignation"]

1. e4 c5 2. Nf3 e6 3. Nc3 Nc6 4. d4 cxd4 5. Nxd4 Qc7 6. Nxc6 Qxc6 7. Bd3 a6 8. O-O Qc7 9. Re1 Ne7 10. a4 b6 11. Qh5 Nc6 12. Bg5 g6 13. Nd5 exd5 14.
exd5+ Ne5 15. Qh4 Bg7 16. f4 O-O 17. fxe5 Bxe5 18. Bf6 Bxf6 19. Qxf6 Bb7 20. c4 b5 21. axb5 axb5 22. Rxa8 Rxa8 23. b3 bxc4 24. bxc4 Qc5+ 25. Kh1 Qa3 26. Re7 Qa1+ 27. Bf1 Qxf6 0-1

[Event "Early-Titled-Tuesday-Blitz-July-09-2024"]
[Site "Chess.com"]
[Date "2024.07.09"]
[Round "6"]
[White "Oleg_Papayan"]
[Black "snowlord"]
[Result "0-1"]
[WhiteElo "2588"]
[BlackElo "2921"]
[TimeControl "180+1"]
[EndTime "9:08:25 PDT"]
[Termination "snowlord won by resignation"]

1. d4 d6 2. Nc3 Nf6 3. e4 e5 4.
dxe5 dxe5 5. Qxd8+ Kxd8 6. Bc4 Bb4 7. Bxf7 Nxe4 8. Ne2 Bf5 9. Be3 Nxc3 10. bxc3 Bd6 11. O-O-O Rf8 12. Bd5 Kc8 13. Ng3 Bd7 14. Be4 Bc6 15. f3 Bxe4 16. Nxe4 Ba3+ 17. Kd2 Nd7 18. Ke2 b6 19. c4 Nf6 20. Rd3 Be7 21. Ng3 Kb7 22. Nf5 Rf7 23. Rhd1 e4 24. fxe4 Nxe4 25. Nxe7 Rxe7 26. Rd7 Nc3+ 27. Kf2 Nxd1+ 28.
Rxd1 Rf8+ 29. Ke2 Rfe8 30. Rd3 Re4 31. c5 Ra4 32. cxb6 axb6 33. a3 Rg4 34. g3 Rc4 35.
c3 Ra4 36. Kf3 Rxa3 37. Bd4 g6 38. Kg4 c5 39. Bf6 Kc6 40. h4 h6 41. h5 Re4+ 42. Kf3 Re6 43. Bg7 gxh5 44. Kf4 Rg6 45. Be5 Rg4+ 46.
Kf5 Kb5 47. Bf6 Kc4 48. Rd6 b5 49. Rc6 Rxg3 50. Be5 Rgxc3 51. Bxc3 Rxc3 52. Kg6 b4 53. Kxh6 Kb5 54. Kxh5 Kxc6 0-1

[Event "Early-Titled-Tuesday-Blitz-July-09-2024"]
[Site "Chess.com"]
[Date "2024.07.09"]
[Round "6"]
[White "Nemegejas"]
[Black "Zavgorodniy_Sergiy"]
[Result "1-0"]
[WhiteElo "2945"]
[BlackElo "2667"]
[TimeControl "180+1"]
[EndTime "9:08:26 PDT"]
[Termination "Nemegejas won on time"]

1. d4 Nf6 2. Bg5 e6 3. e4 h6 4. Bxf6 Qxf6 5. Nc3 d6 6. Qd2 c6 7. O-O-O e5 8. d5 Qd8 9. g3 Be7 10. f4 O-O 11. Bh3 Bxh3 12. Nxh3 Nd7 13. Kb1 Re8 14. Nf2 Rc8 15. Ng4 Nf6 16. Ne3 Bf8 17. Qd3 Qa5 18.
Rhf1 Nd7 19. Qe2 exf4 20. gxf4 Nc5 21. Qg2 Qb4 22. a3 Qb6 23. Nf5 Kh8 24. Rg1 g6 25. Qh3 gxf5 26. Qg2 1-0

[Event "Early-Titled-Tuesday-Blitz-July-09-2024"]
[Site "Chess.com"]
[Date "2024.07.09"]
[Round "6"]
[White "Shuvalov"]
[Black "Adar_07"]
[Result "0-1"]
[WhiteElo "2586"]
[BlackElo "2758"]
[TimeControl "180+1"]
[EndTime "9:08:30 PDT"]
[Termination "Adar_07 won by resignation"]

1. c4 Nf6 2. Nc3 e6 3. d4 c5 4.
d5 exd5 5. cxd5 g6 6. h3 Bg7 7.
Bf4 O-O 8. e3 Re8 9. Nf3 Qa5 10.
Nd2 b5 11. a3 Nh5 12. Bh2 b4 13. Nc4 Qd8 14. Nb5 Na6 15. Be2 Nf6 16. O-O Ne4 17. Nbd6 Nxd6 18. Nxd6 Bxb2 19. axb4 Bxa1 20. Qxa1 Nxb4 21.
Nxe8 Qxe8 22. Bc4 a5 23. Bd6 Qe4 24. Rc1 Bb7 25. Bxc5 Rc8 26. Qxa5 Nd3 27. Bxd3 Qxd3 28. f3 Bxd5 29. e4 Be6 30. Qa3 Qe2 31. Be3 Rxc1+ 32.
Qxc1 h5 33. Bd4 Kh7 34. Qc8 Qd1+ 35. Kh2 Qxd4 0-1

[Event "Early-Titled-Tuesday-Blitz-July-09-2024"]
[Site "Chess.com"]
[Date "2024.07.09"]
[Round "6"]
[White "zacachess"]
[Black "MrMatesM"]
[Result "1/2-1/2"]
[WhiteElo "2482"]
[BlackElo "2696"]
[TimeControl "180+1"]
[EndTime "9:08:30 PDT"]
[Termination "Game drawn by repetition"]

1. e4 c5 2. Nf3 d6 3. d4 cxd4 4.
Nxd4 Nf6 5. f3 e5 6. Nb3 a5 7. c4 a4 8. N3d2 Nc6 9. Nc3 Be7 10. Bd3 Qa5 11. Ndb1 O-O 12. Na3 Be6 13. O-O Nd7 14. Be3 Nc5 15. Be2 Rfd8 16. Qd2 Nd4 17. Bxd4 exd4 18. Qxd4 Bf6 19. Qd2 Rac8 20. Kh1 Qb4 21. Rfd1 Bxc3 22. Qxc3 Qxc3 23. bxc3 Kf8 24. Rab1 Ke7 25.
Kg1 g5 26. Kf2 Rc6 27. Ke3 h5 28. g3 Rg8 29. Nb5 Rb6 30. Nd4 Rxb1 31. Rxb1 f6 32. Rb6 Bd7 33. Nc2 h4 34. g4 Rc8 35.
Nb4 Bc6 36. Nd3 Ne6 37. Rb4 Ra8 38. a3 Ra5 39. Bd1 Kd7 40. Nb2 Nc5 41. Nd3 Ne6 42. Nb2 Nc5 43. Nd3 Nxd3 44. Kxd3 Ke6 45. Kd4 Ra6 46.
Rb2 Ra5 47. Rb4 Ra6 48. Rb2 Ra5 49. Rb4 1/2-1/2

[Event "Early-Titled-Tuesday-Blitz-July-09-2024"]
[Site "Chess.com"]
[Date "2024.07.09"]
[Round "6"]
[White "sanbruh"]
[Black "MrEscacs"]
[Result "0-1"]
[WhiteElo "2347"]
[BlackElo "2202"]
[TimeControl "180+1"]
[EndTime "9:08:30 PDT"]
[Termination "MrEscacs won by checkmate"]

1. e4 Nf6 2. e5 Nd5 3. Nc3 Nxc3 4.
dxc3 d6 5. exd6 cxd6 6. Bd3 g6 7.
Nf3 Bg7 8. O-O Bg4 9. h3 Bxf3 10. Qxf3 Nc6 11. Bf4 O-O 12. Rfe1 e5 13. Bg3 d5 14. Bf1 e4 15. Qe2 Qb6 16. Qb5 Qxb5 17. Bxb5 Rad8 18. Rad1 f5 19. Bf4 Bf6 20. f3 g5 21. Bc1 f4 22.
Rxd5 exf3 23. Rxd8 Rxd8 24. gxf3 Ne5 25. Kg2 a6 26. Ba4 b5 27. Bb3+ Kg7 28. a4 Ng6 29. axb5 axb5 30. Re6 Rd1 31. Rb6 Rxc1 32. Rxb5 Rb1 33.
Rb7+ Kh6 34. Bg8 Nh4+ 35. Kf2 Bg7 36. Rb6+ Ng6 37. Ke2 Rh1 38. Be6 Rh2+ 39. Kd3 Ne5+ 40. Ke4 Ng6 41. b4 Rxc2 42. c4 Re2+ 43. Kf5 Ne7+ 44.
Kg4 Rg2# 0-1

[Event "Early-Titled-Tuesday-Blitz-July-09-2024"]
[Site "Chess.com"]
[Date "2024.07.09"]
[Round "6"]
[White "Alex_Banzea"]
[Black "chess_peak"]
[Result "1/2-1/2"]
[WhiteElo "2699"]
[BlackElo "2542"]
[TimeControl "180+1"]
[EndTime "9:08:31 PDT"]
[Termination "Game drawn by repetition"]

1. d4 Nf6 2. Nc3 d5 3. Bf4 c5 4. e3 cxd4 5. exd4 a6 6. Bd3 Nc6 7. Nge2 Bg4 8. f3 Bh5 9. g4 Bg6 10. h4 e6 11. h5 Bxd3 12. Qxd3 h6 13. O-O-O Bd6 14. Kb1 Bxf4 15. Nxf4 Qd6 16. Qe3 O-O-O 17. Nd3 Kb8 18. Na4 Qc7 19. Nac5 Nd7 20. Nxd7+ Rxd7 21. Nc5 Rdd8 22. Rhe1 Ne7 23. Qe5 Qxe5 24. Rxe5 Nc6 25.
Ree1 b6 26. Na4 Kc7 27. Nc3 Rhe8 28. Ne2 Ne7 29. Nf4 Nc8 30. Nd3 Nd6 31. Ne5 Re7 32.
Re2 Nc4 33. Rde1 Nxe5 34. Rxe5 Kd6 35. f4 f6 36. R5e3 Rde8 37. Ra3 a5 38. Rb3 Kc6 39. Rbe3 Kd6 40. Rb3 Kc6 41. Rbe3 Kd6 42. Rb3 1/2-1/2